Workbook

Sheet Solicitud cotizaciones
A1: ANEXO 1
A3: Apreciados Señores: De manera atenta la Fiscalía General de la Nación Nivel Central, requiere cotizar con ustedes lo siguiente:
A5: ITEM | B5: SOLICITUD COTIZACIÓN
A6: 1 | B6: ADVERTENCIA | C6: La cotización solicitada servirá de base para REVALIDAR los precios indicativos del mercado; para compra y por tanto NO CONSTITUYE en sí misma una oferta y consecuentemente NO OBLIGA a las partes.
A7: 2 | B7: OBJETO | C7: OBJETO DEL CONTRATO
A8: 3 | B8: VALIDEZ DE LA COTIZACIÓN | C8: La validez de oferta debe ser mínima de NOVENTA (90) DIAS, especificando si los días de la validez son hábiles o calendario.
A9: 4 | B9: ESPECIFICACIONES TÉCNICAS | C9: VER ARCHIVO ADJUNTO (EN WORD SE ENVIA LA FICHA TECNICA)
A14: 5 | B14: CONDICIONES DE LA COTRATACIÓN | C14: PLAZO DE EJECUCIÓN
C15: FORMA DE PAGO | D15: La Fiscalía General de la Nación cancelará el valor del contrato, mediante pagos parciales por la ejecución de objeto del contrato, dentro de los treinta (30) días calendarios siguientes a la fecha en que el contratista radique la factura comercial, acompañada de la certificación donde conste el cumplimiento del contrato expedida por el supervisor del contrato y de la certificación que acredite el pago por parte del contratista de las obligaciones al sistema general de seguridad social (salud, pensiones y riesgos profesionales) y aportes parafiscales (cajas de compensación familiar, SENA e ICBF).
C16: MECANISMOS DE COBERTURA DE LOS RIESGOS | D16: AMPAROS
A19: 6 | B19: VALOR OFRECIDO | C19: DESCRIPCION DEL OBJETO DEL CONTRATO | E19: VALOR UNITARIO | F19: IVA DE VLR UNI. | G19: VALOR UNI. + IVA
A20: 7 | B20: PLAZO PARA PRESENTAR LA COTIZACIÓN | C20: TRES (3) DIAS HABILES.
A21: NOTA:
A22: Agradecemos su gentil colaboración y estaremos atentos a responder cualquier inquietud al respecto, quedamos atentos al envío de su propuesta por este mismo medio dentro del plazo establecido para su presentación.
A24: Cordial saludo,
A26: NOMBRE
A27: GRUPO DE ANALISIS DEL SECTOR ECONOMICO Y DE OFERENTES
A28: TELEFONO

Sheet GENERAL
A1: No. Estudio | B1: fecha de inicio | C1: DIA Y MES | D1: valor estudios previos | E1: valor en letras | F1: VIGENCIA 2022 | G1: VIGENCIA 2023 | H1: VIGENCIA 2024 | I1: CLASIFICACION IVA | J1: Dependencia solicitante | K1: Destino | L1: Plazo de Ejecución | M1: No. COTIZACIONES | N1: No. COTIZACIONES LETRAS | O1: EMPRESA 1 | P1: EMPRESA 2 | Q1: EMPRESA 3 | R1: EMPRESA 4 | S1: EMPRESA 5 | T1: EMPRESA 6 | U1: EMPRESA 7 | V1: EMPRESA 8 | W1: EMPRESA 9 | X1: OBJETO DEL CONTRATO | Y1: CODIGO CIIU | Z1: NOMBRE ACTIVIDAD | AA1: MYPIME | AB1: TOTAL EMPRESAS REGISTRADAS | AC1: EMPRESAS INTERESADAS SECOP 11 | AD1: MYPIME SECOP II | AE1: PROCESO HISTORICO ANALIZADO | AF1: AÑO DE VIGENCIA HISTÓRICO | AG1: OBJETO | AH1: IPC INICIAL | AI1: IPC FINAL | AJ1: OFERTAS DEL HISTORICO | AK1: CONTRATISTA HISTORICO | AL1: VALOR DEL CONTRATO | AM1: TERMINO DE EJECUCION | AN1: LINK | AO1: MODALIAD DE CONTRATACION | AP1: FECHA DE SUSCRIPCION DEL CONTRATO | AQ1: FECHA DE INICIO DEL CONTRATO | AR1: fecha de terminacion del contrato | AS1: RANGO DE OFERTAS | AT1: V/R ESTUDIO | AU1: FORMULA UTILIZADA ANEXO 2 | AV1: FORMULA UTILIZADA ANEXO 3
A2: 237 | B2: 44785 | C2: 44795 | D2: =+'ANEXO 3.'!#REF! -> #REF! | E2: DOSCIENTOS CINCUENTA Y DOS MILLONES CIENTO VEINTINUEVE MIL DIECINUEVE PESOS M/CTE | F2: =+'ANEXO 3.'!#REF! -> #REF! | G2: =+'ANEXO 3.'!#REF! -> #REF! | H2: =+'ANEXO 3.'!#REF! -> #REF! | I2: INCLUIDO IVA Y TODOS LOS COSTOS DIRECTOS E INDIRECTOS | J2: JEFE DEPARTAMENTO DE TRANSPORTES CON EL VISTO BUENO DE LA DIRECCION EJECUTIVA | K2: El contrato se ejecutara, en la ciudad de Bogotá D.C lugar donde se encuentran ubicados los vehículos de la entidad objeto de revisión técnico mecánica. | L2: Hasta el 29 de Febrero del 2024 o hasta agotar presupuesto lo que primero ocurra, contados a partir de la suscripción del acta de inicio. | M2: 4 | N2: CUATRO | O2: Diagnosticentro integral Automotriz DIA E.U CDA 7 de Agosto | P2: IVESUR Colombia S.A. | Q2: AUTOMAS | R2: AUTOLAB | X2: PRESTAR EL SERVICIO DE REVISIÓN TÉCNICO MECÁNICA Y DE EMISIONES CONTAMINANTES PARA EL PARQUE AUTOMOTOR DE LA FISCALÍA GENERAL DE LA NACIÓN EN EL NIVEL CENTRAL PARA LOS AUTOMOTORES SUJETOS A ESTA REVISIÓN. | AB2: 69 | AE2: FGN-NC-IPSE-0036-2020 | AF2: 2020 | AG2: PRESTAR EL SERVICIO DE LA REVISIÓN TÉCNICO MECÁNICA Y DE EMISIONES CONTAMINANTES PARA EL PARQUE AUTOMOTOR DE LA FISCALÍA GENERAL DE LA NACIÓN EN EL NIVEL CENTRAL | AK2: Diagnosticentro Integral Automotriz D.I.A. E.U. | AL2: 279450000 | AM2: 23 MESES | AN2: https://community.secop.gov.co/Public/Tendering/OpportunityDetail/Index?noticeUID=CO1.NTC.1494556&isFromPublicArea=True&isModal=False | AO2: Selección abreviada subasta inversa | AP2: 1/12/2020 | AQ2: 1/12/2020 | AR2: 31/10/20222
B5: EMPRESA | C5: MYPIME | E5: Modelo | I5: Motos | K5: Vehículo particular
B6: AUTECO S.A.S. | C6: NO | E6: Anteriores 2004 | I6: 155755 | K6: 227871
B7: Auto Repuestos | C7: SI | E7: 2005 – 2013 | I7: 155965 | K7: 228185
B8: AUTO TROPICAL CARTAGENA SAS | C8: NO | E8: 2014 – 2018 | I8: 155755 | K8: 227871
B9: DATUM POSITION S.A.S | C9: SI | E9: 2019 – 2021 | I9: 155546
B10: AUTOGALIAS | C10: NO | E10: PROMEDIO | I10: =AVERAGE(I6:I9) -> 155755.25 | J10: =+I10/1.19 -> 130886.76 | K10: =AVERAGE(K6:K8) -> 227975.67 | L10: =+K10/1.19 -> 191576.19
B11: AUTOMAYOR S.A. | C11: NO | L11: =+L10*1.19 -> 227975.67
B12: AUTOMOTORES Y SERVICIOS SAS | C12: SI | E12: Modelo | I12: Pesados No Públicos
B13: AUTOMOTRIZ / LUIS ORLANDO TORRES | C13: SI | E13: 0 a 2 años | I13: 343897
B14: AUTOMOTRIZ G&G | C14: SI | E14: 3 a 7 años | I14: 344211
B15: AUTONIZA S.A | C15: NO | E15: 8 a 17 años | I15: 344316
E16: más de 17 años | I16: 344107
E17: PROMEDIO | I17: =AVERAGE(I13:I16) -> 344132.75 | J17: =+I17/1.19 -> 289187.18
B22: Auteco S.A.S.

Sheet MIN MAX Y COTIZ
B2: ANEXO 1 ANALISIS DE PRECIOS SIN IVA NI PAGOS A TERCEROS
F3: PRESTAR EL SERVICIO DE REVISIÓN TÉCNICO-MECÁNICA Y DE EMISIONES CONTAMINANTES PARA LOS VEHÍCULOS QUE INTEGRAN EL PARQUE AUTOMOTOR DE LA FISCALÍA GENERAL DE LA NACIÓN – NIVEL CENTRAL Y QUE SE ENCUENTREN SUJETOS A ESTE REQUISITO, DE CONFORMIDAD CON LAS DISPOSICIONES LEGALES Y REGLAMENTARIAS VIGENTES.
F4: ANÁLISIS DE COSTOS BASADO EN TOPES MINIMOS Y MAXIMOS SEGÚN Resolución 20243040003125 de 2024 Ministerio de Transporte, en su numeral 2 Y VALORES DEL MERCADO SIN IVA NI PAGOS A TERCEROS
B5: NECESIDAD | F5: VALORES SIN IVA NI PAGOS A TERCEROS SEGÚN Resolución 20243040003125 de 2024 Ministerio de Transporte, en su numeral 2 | K5: COTIZACION 1 | M5: COTIZACION 2 | O5: COTIZACION 3 | Q5: COTIZACION 4 | S5: TOPE MAXIMO ESTABLECIDO, SIN IVA NI PAGOS A TERCEROS
F6: VALOR UVB(unidad ValoBasico) | G6: 12110 | K6: INVESUR (at)30julio | M6: Diagnosticentro integral Automotriz SAS CDA 7 de Agosto (AT 3 AGOSTO)
B7: ÍTEM | C7: TIPO DE VEHICULO | D7: UNIDAD DE MEDIDA | E7: CANTIDAD | F7: TOPE MÍNIMO UVB | G7: TOPE MAXIMO UVB | H7: VALOR TOPE MINIMO SIN IVA NI PAGOS A TERCEROS | I7: VALOR TOPE MAXIMO SIN IVA NI PAGOS A TERCEROS | K7: VALOR UNITARIO SIN IVA NI PAGOS A TERCEROS | M7: VALOR UNITARIO SIN IVA NI PAGOS A TERCEROS | O7: VALOR UNITARIO SIN IVA NI PAGOS A TERCEROS | Q7: VALOR UNITARIO SIN IVA NI PAGOS A TERCEROS | S7: VALOR UNITARIO SIN IVA NI PAGOS A TERCEROS
B8: 1 | C8: AUTOM. | D8: UNIDAD | E8: 1 | F8: 17.84 | G8: 21.36 | H8: =ROUND($G$6*F8,0) -> 216042 | I8: =ROUND($G$6*G8,2) -> 258669.6 | K8: 238000 | M8: 216043 | S8: =+ROUND(AVERAGE(I8,K8,M8),2) -> 237570.87
B9: 2 | C9: CAMIONETA | D9: UNIDAD | E9: 1 | F9: 17.84 | G9: 21.36 | H9: =ROUND($G$6*F9,2) -> 216042.4 | I9: =ROUND($G$6*G9,2) -> 258669.6 | K9: 238000 | M9: 216043 | S9: =+ROUND(AVERAGE(I9,K9,M9),2) -> 237570.87
B10: 3 | C10: PESADO | D10: UNIDAD | E10: 1 | F10: 28.92 | G10: 34.86 | H10: =ROUND($G$6*F10,2) -> 350221.2 | I10: =ROUND($G$6*G10,2) -> 422154.6 | K10: 385000 | M10: 350222 | S10: =+ROUND(AVERAGE(I10,K10,M10),2) -> 385792.2
B11: 4 | C11: MOTO | D11: UNIDAD | E11: 1 | F11: 10.96 | G11: 12.98 | H11: =ROUND($G$6*F11,2) -> 132725.6 | I11: =ROUND($G$6*G11,2) -> 157187.8 | K11: 146000 | M11: 132726 | S11: =+ROUND(AVERAGE(I11,K11,M11),2) -> 145304.6
B12: TOTAL | H12: =SUM(H8:H11) -> 915031.2 | I12: =SUM(I8:I11) -> 1096681.6 | K12: =SUM(K8:K11) -> 1007000 | M12: =SUM(M8:M11) -> 915034 | O12: =SUM(O8:O11) -> 0 | Q12: =SUM(Q8:Q11) -> 0 | S12: =SUM(S8:S11) -> 1006238.5
B14: UVB: Corresponde al UVB vigente del año respectivo
B16: COTIZACIONES ALLEGADAS: | D16: 2
B17: PARA LA COTIZACION4 SE TOMAN LOS VALORES PROMEDIO DE CADA CATEGORIA ANTES DE IVA
B18: EL TOPE MÁXIMO ESTABLECIDO PARA EL PROCESO CORRESPONDE AL PROMEDIO ENTRE LOS VALORES COTIZADOS Y EL TOPE MAXIMO ESTABLECIDO POR LA Resolución 20243040003125 de 2024 Ministerio de Transporte, en su numeral 2
B21: Fecha de elaboración: | D21: 46248
B22: Estudio del Sector No: | D22: 460
C23: Resolución 20243040003125 de 2024 Ministerio de Transporte, en su numeral 2 se determina lo siguiente:

Sheet ANEXO 2 
B2: ANEXO 2 HISTÓRICOS INDEXADOS
F3: PRESTAR EL SERVICIO DE REVISIÓN TÉCNICO-MECÁNICA Y DE EMISIONES CONTAMINANTES PARA LOS VEHÍCULOS QUE INTEGRAN EL PARQUE AUTOMOTOR DE LA FISCALÍA GENERAL DE LA NACIÓN – NIVEL CENTRAL Y QUE SE ENCUENTREN SUJETOS A ESTE REQUISITO, DE CONFORMIDAD CON LAS DISPOSICIONES LEGALES Y REGLAMENTARIAS VIGENTES.
B5: NECESIDAD | F5: 2026 (Presentación de oferta)
B6: ÍTEM | C6: TIPO DE VEHICULO | D6: UNIDAD DE MEDIDA | E6: CANTIDAD | F6: VALOR TOPE OFERTADO EN 2024 SIN IVA NI PAGOS A TERCEROS | G6: UBV 2026 | H6: TOTAL
G7: 12110
B8: 1 | C8: AUTOM. | D8: UNIDAD | E8: 1 | F8: 195397 | G8: 21.36 | H8: =ROUND($G$7*G8,2) -> 258669.6
B9: 2 | C9: CAMIONETA | D9: UNIDAD | E9: 1 | F9: 317877 | G9: 21.36 | H9: =ROUND($G$7*G9,2) -> 258669.6
B10: 3 | C10: PESADO | D10: UNIDAD | E10: 1 | F10: 317877 | G10: 34.86 | H10: =ROUND($G$7*G10,2) -> 422154.6
B11: 4 | C11: MOTO | D11: UNIDAD | E11: 1 | F11: 317877 | G11: 12.98 | H11: =ROUND($G$7*G11,2) -> 157187.8
B12: TOTAL TOPES MINIMOS Y MAXIMOS VIGENCIA 2024 | F12: =SUM(F8:F11) -> 1149028
B14: NOTA 1: EL Tope mínimo corresponde al establecido en la Resolución Resolución 20243040003125 de 2024 Ministerio de Transporte. mientras que el tope máximo se estableció como el resultado del promedio entre los valores cotizados y el tope máximo establecido en la Resolución antes citada.
B18: Fecha de elaboración: | D18: ='MIN MAX Y COTIZ'!D21 -> 46248
B19: Estudio del Sector No: | D19: 460

Sheet Anexo 1 HISTORICOS
B1: ANEXO 2 ANEXO 2 HISTÓRICOS INDEXADOS
B3: ANÁLISIS PROYECCIÓN COSTOS HISTÓRICOS DE PROCESOS EN LA FISCALIA GENERAL DE LA NACIÓN
B5: https://www.contratos.gov.co/consultas/detalleProceso.do?numConstancia=16-9-420890 | E5: CONTRATACIÓN | L5: PROYECCIÓN VALOR UNITARIO SIN IVA INCLUIDO (IPC / Indices - Serie de empalme)
B7: ITEM | C7: =#REF! -> #REF! | E7: FGN-NC-IPSE-0043-2024 (Presentación de oferta) | L7: DICIEMBRE 2024 | M7: JULIO 2026 | N7: ANÁLISIS PROYECCIÓN COSTOS HISTÓRICOS (IPC / Indices - Serie de empalme)
E8: CANTIDAD | F8: VALOR UNITARIO SIN IVA | G8: IVA UNITARIO | H8: VALOR UNITARIO INCLUIDO IVA | I8: VALOR TOTAL INCLUIDO IVA | J8: VALOR UNITARIO SIN IVA | L8: 1.4488 | M8: 1.5953 | N8: CANTIDAD | O8: VALOR UNITARIO SIN IVA | P8: IVA UNITARIO | Q8: VALOR UNITARIO INCLUIDO IVA | R8: VALOR TOTAL INCLUIDO IVA
B10: ='[1]ANEXO 1 -V. UNITARIOS '!B24 -> TOTALES | I10: =SUM(#REF!) -> #REF! | R10: =SUM(#REF!) -> #REF!
B13: ÍTEM | C13: REPUESTO | D13: UNIDAD DE MEDIDA | E13: CANTIDAD REFERENTE | F13: VALOR TOPE OFERTADO EN 2024 SIN IVA NI PAGOS A TERCEROS | H13: VALOR UNITARIO SIN IVA | I13: IVA | J13: UVT 2024 | L13: PROYECCIÓN VALOR UNITARIO SIN IVA INCLUIDO (IPC / Indices - Serie de empalme) | N13: VALOR UNITARIO CON IVA | P13: VALOR UNITARIO SIN IVA | Q13: IVA | R13: VALOR UNITARIO CON IVA | V13: VALOR UNITARIO TOTAL
B14: 1 | C14: AUTOM. | D14: UN | E14: 1 | H14: 24653.05 | I14: =ROUND(H14*19%,0) -> 4684 | L14: =+($M$8/$L$8)*F14 -> 0 | O14: =L14 -> 0 | P14: =ROUND(AVERAGE(L14,H14),0) -> 12327 | Q14: =ROUND(P14*19%,0) -> 2342 | R14: =+ROUND(P14+Q14,0) -> 14669 | T14: =+(H14-L14)/L14 -> #DIV/0! | V14: =L14*E14 -> 0
B15: 2 | C15: BUS | D15: UN | E15: 1 | I15: =ROUND(H15*19%,0) -> 0 | L15: =+($M$8/$L$8)*F15 -> 0 | N15: =+ROUND(+L15+#REF!,0) -> #REF! | O15: =L15 -> 0 | P15: =ROUND(AVERAGE(L15,H15),0) -> 0 | Q15: =ROUND(P15*19%,0) -> 0 | R15: =+ROUND(P15+Q15,0) -> 0 | T15: =+(H15-L15)/L15 -> #DIV/0! | V15: =L15*E15 -> 0
B16: 3 | C16: BUSETA | D16: UN | E16: 1 | I16: =ROUND(H16*19%,0) -> 0 | L16: =+($M$8/$L$8)*F16 -> 0 | N16: =+ROUND(+L16+#REF!,0) -> #REF! | O16: =L16 -> 0 | P16: =ROUND(AVERAGE(L16,H16),0) -> 0 | Q16: =ROUND(P16*19%,0) -> 0 | R16: =+ROUND(P16+Q16,0) -> 0 | T16: =+(H16-L16)/L16 -> #DIV/0! | V16: =L16*E16 -> 0
B17: 4 | C17: CAMION | D17: UN | E17: 1 | I17: =ROUND(H17*19%,0) -> 0 | L17: =+($M$8/$L$8)*F17 -> 0 | N17: =+ROUND(+L17+#REF!,0) -> #REF! | O17: =L17 -> 0 | P17: =ROUND(AVERAGE(L17,H17),0) -> 0 | Q17: =ROUND(P17*19%,0) -> 0 | R17: =+ROUND(P17+Q17,0) -> 0 | T17: =+(H17-L17)/L17 -> #DIV/0! | V17: =L17*E17 -> 0
B18: 5 | C18: CAMIONETA | D18: UN | E18: 1 | I18: =ROUND(H18*19%,0) -> 0 | L18: =+($M$8/$L$8)*F18 -> 0 | N18: =+ROUND(+L18+#REF!,0) -> #REF! | O18: =L18 -> 0 | P18: =ROUND(AVERAGE(L18,H18),0) -> 0 | Q18: =ROUND(P18*19%,0) -> 0 | R18: =+ROUND(P18+Q18,0) -> 0 | T18: =+(H18-L18)/L18 -> #DIV/0! | V18: =L18*E18 -> 0
B19: 6 | C19: CAMPERO | D19: UN | E19: 1 | I19: =ROUND(H19*19%,0) -> 0 | L19: =+($M$8/$L$8)*F19 -> 0 | N19: =+ROUND(+L19+#REF!,0) -> #REF! | O19: =L19 -> 0 | P19: =ROUND(AVERAGE(L19,H19),0) -> 0 | Q19: =ROUND(P19*19%,0) -> 0 | R19: =+ROUND(P19+Q19,0) -> 0 | T19: =+(H19-L19)/L19 -> #DIV/0! | V19: =L19*E19 -> 0
B20: 7 | C20: MICROBUS | D20: ML | E20: 1 | I20: =ROUND(H20*19%,0) -> 0 | L20: =+($M$8/$L$8)*F20 -> 0 | N20: =+ROUND(+L20+#REF!,0) -> #REF! | O20: =L20 -> 0 | P20: =ROUND(AVERAGE(L20,H20),0) -> 0 | Q20: =ROUND(P20*19%,0) -> 0 | R20: =+ROUND(P20+Q20,0) -> 0 | T20: =+(H20-L20)/L20 -> #DIV/0! | V20: =L20*E20 -> 0 | Y20: valores historicos actualizados ok
B21: 8 | C21: MOTOCICLETA | D21: UN | E21: 1 | I21: =ROUND(H21*19%,0) -> 0 | L21: =+($M$8/$L$8)*F21 -> 0 | N21: =+ROUND(+L21+#REF!,0) -> #REF! | O21: =L21 -> 0 | P21: =ROUND(AVERAGE(L21,H21),0) -> 0 | Q21: =ROUND(P21*19%,0) -> 0 | R21: =+ROUND(P21+Q21,0) -> 0 | T21: =+(H21-L21)/L21 -> #DIV/0! | V21: =L21*E21 -> 0
B22: 9 | C22: TRACTOCAMION | D22: UN | E22: 1 | I22: =ROUND(H22*19%,0) -> 0 | L22: =+($M$8/$L$8)*F22 -> 0 | N22: =+ROUND(+L22+#REF!,0) -> #REF! | O22: =L22 -> 0 | P22: =ROUND(AVERAGE(L22,H22),0) -> 0 | Q22: =ROUND(P22*19%,0) -> 0 | R22: =+ROUND(P22+Q22,0) -> 0 | T22: =+(H22-L22)/L22 -> #DIV/0! | V22: =L22*E22 -> 0
B25: 1. Para traer a valor presente los precios unitarios, se toma el índice de serie del mes vigente dividido por el índice de serie del mes y año en que fue efectuada la compra. Este resultado se multiplica por el precio de la misma.
B26: 2. Para realizar la proyección se tomó el valor unitario antes de IVA.
C28: Nota: Todos los bienes y servicios deben cumplir las específicaciones técnicas establecidas por la Entidad
C30: Fecha de elaboración: | D30: 45313
C31: Estudio del Sector No:

Sheet ANEXO 3 (2)
B2: ANEXO 2 ESTUDIO DE MERCADO DEFINITIVO
H3: =+GENERAL!X2 -> PRESTAR EL SERVICIO DE REVISIÓN TÉCNICO MECÁNICA Y DE EMISIONES CONTAMINANTES PARA EL PARQUE AUTOMOTOR DE LA FISCALÍA GENERAL DE LA NACIÓN EN EL NIVEL CENTRAL PARA LOS AUTOMOTORES SUJETOS A ESTA REVISIÓN.
B5: NECESIDAD | H5: VALORES COSTO HISTORICO 2024 FGN-NC-IPSE-0043-2024 (Presentación de oferta) | K5: VALORES UNITARIOS ESTABLECIDOS SEGÚN ESTUDIO DE MERCADO VIGENCIA 2026 Y VALORES INDEXADOS | N5: VALORES UNITARIOS ESTABLECIDOS SEGÚN ESTUDIO DE MERCADO VIGENCIA 2026 Y VALORES INDEXADOS
B6: ÍTEM | C6: TIPO DE VEHICULO | D6: UNIDAD DE MEDIDA | E6: CANTIDAD 2026 | F6: CANTIDAD 2027 | G6: CANTIDAD 2028 | H6: VALOR TOPE MINIMO SIN IVA NI PAGOS A TERCEROS | I6: VALOR TOPE MAXIMO SIN IVA NI PAGOS A TERCEROS | K6: VALOR TOPE MINIMO SIN IVA NI PAGOS A TERCEROS | L6: VALOR TOPE MAXIMO SIN IVA NI PAGOS A TERCEROS | N6: VALOR TOPE MINIMO SIN IVA NI PAGOS A TERCEROS | O6: VALOR TOPE MAXIMO SIN IVA NI PAGOS A TERCEROS
B7: 1 | C7: AUTOM. | D7: UNIDAD | E7: 1 | F7: 1 | G7: 1 | H7: ='ANEXO 2 '!H8 -> 258669.6 | I7: ='MIN MAX Y COTIZ'!S8 -> 237570.87 | K7: =+'MIN MAX Y COTIZ'!H8 -> 216042 | L7: ='MIN MAX Y COTIZ'!S8 -> 237570.87 | N7: =AVERAGE(H7,K7) -> 237355.8 | O7: ='MIN MAX Y COTIZ'!V8 -> 0
B8: 2 | C8: BUS | D8: UNIDAD | E8: 1 | F8: 1 | G8: 1 | H8: ='ANEXO 2 '!H9 -> 258669.6 | I8: ='MIN MAX Y COTIZ'!#REF! -> #REF! | K8: =+'MIN MAX Y COTIZ'!#REF! -> #REF! | L8: ='MIN MAX Y COTIZ'!#REF! -> #REF! | N8: =+'MIN MAX Y COTIZ'!#REF! -> #REF! | O8: ='MIN MAX Y COTIZ'!#REF! -> #REF!
B9: 3 | C9: BUSETA | D9: UNIDAD | E9: 1 | F9: 1 | G9: 1 | H9: ='ANEXO 2 '!H10 -> 422154.6 | I9: ='MIN MAX Y COTIZ'!#REF! -> #REF! | K9: =+'MIN MAX Y COTIZ'!#REF! -> #REF! | L9: ='MIN MAX Y COTIZ'!#REF! -> #REF! | N9: =+'MIN MAX Y COTIZ'!#REF! -> #REF! | O9: ='MIN MAX Y COTIZ'!#REF! -> #REF!
B10: 4 | C10: CAMION | D10: UNIDAD | E10: 1 | F10: 1 | G10: 1 | H10: ='ANEXO 2 '!H11 -> 157187.8 | I10: ='MIN MAX Y COTIZ'!#REF! -> #REF! | K10: =+'MIN MAX Y COTIZ'!#REF! -> #REF! | L10: ='MIN MAX Y COTIZ'!#REF! -> #REF! | N10: =+'MIN MAX Y COTIZ'!#REF! -> #REF! | O10: ='MIN MAX Y COTIZ'!#REF! -> #REF!
B11: 5 | C11: CAMIONETA | D11: UNIDAD | E11: 1 | F11: 1 | G11: 1 | H11: ='ANEXO 2 '!#REF! -> #REF! | I11: ='MIN MAX Y COTIZ'!S9 -> 237570.87 | K11: =+'MIN MAX Y COTIZ'!H9 -> 216042.4 | L11: ='MIN MAX Y COTIZ'!S9 -> 237570.87 | N11: =+'MIN MAX Y COTIZ'!K9 -> 238000 | O11: ='MIN MAX Y COTIZ'!V9 -> 0
B12: 6 | C12: CAMPERO | D12: UNIDAD | E12: 1 | F12: 1 | G12: 1 | H12: ='ANEXO 2 '!#REF! -> #REF! | I12: ='MIN MAX Y COTIZ'!#REF! -> #REF! | K12: =+'MIN MAX Y COTIZ'!#REF! -> #REF! | L12: ='MIN MAX Y COTIZ'!#REF! -> #REF! | N12: =+'MIN MAX Y COTIZ'!#REF! -> #REF! | O12: ='MIN MAX Y COTIZ'!#REF! -> #REF!
B13: 7 | C13: MICROBUS | D13: UNIDAD | E13: 1 | F13: 1 | G13: 1 | H13: ='ANEXO 2 '!#REF! -> #REF! | I13: ='MIN MAX Y COTIZ'!#REF! -> #REF! | K13: =+'MIN MAX Y COTIZ'!#REF! -> #REF! | L13: ='MIN MAX Y COTIZ'!#REF! -> #REF! | N13: =+'MIN MAX Y COTIZ'!#REF! -> #REF! | O13: ='MIN MAX Y COTIZ'!#REF! -> #REF!
B14: 8 | C14: MOTOCICLETA | D14: UNIDAD | E14: 1 | F14: 1 | G14: 1 | H14: ='ANEXO 2 '!#REF! -> #REF! | I14: ='MIN MAX Y COTIZ'!S10 -> 385792.2 | K14: =+'MIN MAX Y COTIZ'!H10 -> 350221.2 | L14: ='MIN MAX Y COTIZ'!S10 -> 385792.2 | N14: =+'MIN MAX Y COTIZ'!K10 -> 385000 | O14: ='MIN MAX Y COTIZ'!V10 -> 0
B15: 9 | C15: TRACTOCAMION | D15: UNIDAD | E15: 1 | F15: 1 | G15: 1 | H15: ='ANEXO 2 '!#REF! -> #REF! | I15: ='MIN MAX Y COTIZ'!S11 -> 145304.6 | K15: =+'MIN MAX Y COTIZ'!H11 -> 132725.6 | L15: ='MIN MAX Y COTIZ'!S11 -> 145304.6 | N15: =+'MIN MAX Y COTIZ'!K11 -> 146000 | O15: ='MIN MAX Y COTIZ'!V11 -> 0
B16: TOTAL TOPES MINIMOS Y MAXIMOS POR VIGENCIA | H16: =SUM(H7:H15) -> #REF! | I16: =SUM(I7:I15) -> #REF! | K16: =SUM(K7:K15) -> #REF! | L16: =SUM(L7:L15) -> #REF! | N16: =SUM(N7:N15) -> #REF! | O16: =SUM(O7:O15) -> #REF!
H17: SAQUECOMOLO HIZO MARCE 2022 YA VALORES ACTUALIZADOS
B19: NOTA 1: EL Tope mínimo corresponde al establecido en la Resolución Número RESOLUCIÓN No. 185 De 2023, mientras que el tope máximo se estableció como el resultado del promedio entre los valores cotizados y el tope máximo establecido en la Resolución antes citada.
B23: El presupuesto oficial para el presente proceso según lo establecido en los Estudios Previos es de QUINIENTOS SIETE MILLONES OCHOCIENTOS SETENTA Y UN MIL CUATROCIENTOS VEINTE PESOS CON CINCO CENTAVOS M/CTE. ($507.871.420,05) incluido IVA y pagos a terceros, los cuales se distribuyen por vigencia de la siguiente manera:
F25: 2026 | G25: 2027 | H25: 2028 | I25: TOTAL VIGENCIA 2026 A 2028 | K25: 2028 | L25: TOTAL VIGENCIA 2026 A 2028
F26: 21958848 | G26: 249933599 | H26: 2.3597897e+08 | K26: 2.3597897e+08 | L26: =+K26+G26+F26 -> 5.0787142e+08
B28: Para la vigencia 2027, se aplicó un incremento del 4, 4% sobre los valores de la vigencia 2026, mientras que para el año 2028 se aplicó un incremento del 3% sobre los valores establecido en 2027. Lo anterior de conformidad con Circular Externa 007 del 22 de febrero de 2022, a través de la cual el Ministerio de Hacienda y Crédito Público informó las variables macroeconómicas que se debían tener en cuenta para la proyección presupuestal del año 2023. En dicho comunicado, establecieron que la inflación para el año 2022 sería del 4,3% y para el año 2023 del 3%, cifras que se tomaron como base para la presentación del Anteproyecto de Presupuesto 2023.
B29: Los pagos a terceros vigentes A 2022 son los siguientes:
B32: La oferta económica para el actual proceso será presentada por valor unitario y por tipo de vehículo, sin incluir iva ni pagos a Terceros.
B34: COTIZACIONES ALLEGADAS: | D34: =+[2]GENERAL!M20 -> 0
B35: EL TOPE MÁXIMO ESTABLECIDO PARA EL PROCESO CORRESPONDE AL PROMEDIO ENTRE LOS VALORES COTIZADOS Y EL TOPE MAXIMO ESTABLECIDO POR LA Resolución 000187 del 28 de noviembre de 2023
B36: Estudio del Sector No: | D36: =+GENERAL!A2 -> 237
I40: | | L40: |

Sheet ANEXO 3.
B2: ANEXO 3 ESTUDIO DE MERCADO DEFINITIVO
K3: PRESTAR EL SERVICIO DE REVISIÓN TÉCNICO-MECÁNICA Y DE EMISIONES CONTAMINANTES PARA LOS VEHÍCULOS QUE INTEGRAN EL PARQUE AUTOMOTOR DE LA FISCALÍA GENERAL DE LA NACIÓN – NIVEL CENTRAL Y QUE SE ENCUENTREN SUJETOS A ESTE REQUISITO, DE CONFORMIDAD CON LAS DISPOSICIONES LEGALES Y REGLAMENTARIAS VIGENTES.
B5: NECESIDAD | H5: VALORES COSTO HISTORICO 2024 FGN-NC-IPSE-0043-2024 (Presentación de oferta) | K5: VALORES UNITARIOS ESTABLECIDOS SEGÚN ESTUDIO DE MERCADO VIGENCIA 2026 | N5: VALORES UNITARIOS ESTABLECIDOS SEGÚN ESTUDIO DE MERCADO VIGENCIA 2027, INCREMENTO 4,4% SOBRE LA VIGENCIA 2027 | Q5: VALORES UNITARIOS ESTABLECIDOS SEGÚN ESTUDIO DE MERCADO VIGENCIA 2028, INCREMENTO 3% SOBRE LA VIGENCIA 2028
B6: ÍTEM | C6: TIPO DE VEHICULO | D6: UNIDAD DE MEDIDA | E6: CANTIDAD 2026 | F6: CANTIDAD 2027 | G6: CANTIDAD 2028 | H6: VALOR TOPE MINIMO SIN IVA NI PAGOS A TERCEROS | I6: VALOR TOPE MAXIMO SIN IVA NI PAGOS A TERCEROS | K6: VALOR TOPE MINIMO SIN IVA NI PAGOS A TERCEROS | L6: VALOR TOPE MAXIMO SIN IVA NI PAGOS A TERCEROS | N6: VALOR TOPE MINIMO SIN IVA NI PAGOS A TERCEROS | O6: VALOR TOPE MAXIMO SIN IVA NI PAGOS A TERCEROS | Q6: VALOR TOPE MINIMO SIN IVA NI PAGOS A TERCEROS | R6: VALOR TOPE MAXIMO SIN IVA NI PAGOS A TERCEROS
B7: 1 | C7: AUTOM. | D7: UNIDAD | E7: 1 | F7: 1 | G7: 1 | H7: ='ANEXO 2 '!H8 -> 258669.6 | I7: ='MIN MAX Y COTIZ'!S8 -> 237570.87 | K7: ='MIN MAX Y COTIZ'!H8 -> 216042 | L7: ='MIN MAX Y COTIZ'!S8 -> 237570.87 | N7: =ROUND(K7*1.044,2) -> 225547.85 | O7: =ROUND(L7*1.044,2) -> 248023.99 | Q7: =ROUND(N7*1.03,2) -> 232314.29 | R7: =ROUND(O7*1.03,2) -> 255464.71
B8: 2 | C8: CAMIONETA | D8: UNIDAD | E8: 1 | F8: 1 | G8: 1 | H8: ='ANEXO 2 '!H9 -> 258669.6 | I8: ='MIN MAX Y COTIZ'!#REF! -> #REF! | K8: ='MIN MAX Y COTIZ'!H9 -> 216042.4 | L8: ='MIN MAX Y COTIZ'!S9 -> 237570.87 | N8: =ROUND(K8*1.044,2) -> 225548.27 | O8: =ROUND(L8*1.044,2) -> 248023.99 | Q8: =ROUND(N8*1.03,2) -> 232314.72 | R8: =ROUND(O8*1.03,2) -> 255464.71
B9: 3 | C9: PESADO | D9: UNIDAD | E9: 1 | F9: 1 | G9: 1 | H9: ='ANEXO 2 '!H10 -> 422154.6 | I9: ='MIN MAX Y COTIZ'!#REF! -> #REF! | K9: ='MIN MAX Y COTIZ'!H10 -> 350221.2 | L9: ='MIN MAX Y COTIZ'!S10 -> 385792.2 | N9: =ROUND(K9*1.044,2) -> 365630.93 | O9: =ROUND(L9*1.044,2) -> 402767.06 | Q9: =ROUND(N9*1.03,2) -> 376599.86 | R9: =ROUND(O9*1.03,2) -> 414850.07
B10: 4 | C10: MOTO | D10: UNIDAD | E10: 1 | F10: 1 | G10: 1 | H10: ='ANEXO 2 '!H11 -> 157187.8 | I10: ='MIN MAX Y COTIZ'!#REF! -> #REF! | K10: ='MIN MAX Y COTIZ'!H11 -> 132725.6 | L10: ='MIN MAX Y COTIZ'!S11 -> 145304.6 | N10: =ROUND(K10*1.044,2) -> 138565.53 | O10: =ROUND(L10*1.044,2) -> 151698 | Q10: =ROUND(N10*1.03,2) -> 142722.5 | R10: =ROUND(O10*1.03,2) -> 156248.94
B11: TOTAL TOPES MINIMOS Y MAXIMOS POR VIGENCIA | H11: =SUM(H7:H10) -> 1096681.6 | I11: =SUM(I7:I10) -> #REF! | K11: =SUM(K7:K10) -> 915031.2 | L11: =SUM(L7:L10) -> 1006238.5 | N11: =SUM(N7:N10) -> 955292.58 | O11: =SUM(O7:O10) -> 1050513 | Q11: =SUM(Q7:Q10) -> 983951.37 | R11: =SUM(R7:R10) -> 1082028.4
H12: SAQUECOMOLO HIZO MARCE 2022 YA VALORES ACTUALIZADOS
B14: NOTA 1: EL Tope mínimo corresponde al establecido en la Resolución Número Resolución 20243040003125 de 2024 Ministerio de Transporte, en su articulo 2 , mientras que el tope máximo se estableció como el resultado del promedio entre los valores cotizados y el tope máximo establecido en la Resolución antes citada. El valor del UVB-2026 de acuerdo a lo establecido en la Resolución 3488 del 31/12/2025
B18: Para la vigencia 2027, se aplicó un incremento del 4, 4% sobre los valores de la vigencia 2026, mientras que para el año 2028 se aplicó un incremento del 3% sobre los valores establecido en 2027.
B21: La oferta económica para el actual proceso será presentada por valor unitario y por tipo de vehículo, sin incluir iva ni pagos a Terceros.
B23: COTIZACIONES ALLEGADAS: | D23: 2
B24: EL TOPE MÁXIMO ESTABLECIDO PARA EL PROCESO CORRESPONDE AL PROMEDIO ENTRE LOS VALORES COTIZADOS Y EL TOPE MAXIMO ESTABLECIDO POR LA Resolución 20243040003125 de 2024
B25: Estudio del Sector No: | D25: 460
I29: | | L29: |

Sheet borrador Hoja1 (2)
B3: FONDO NACIONAL DE SEGURIDAD VIAL
B5: VALOR UVT 2026 | D5: 52374
B7: * UVT Corresponde al UVT vigente del año en el que se va a calcular la actualización de la tarifa
B11: ANTIGÜEDAD EN AÑOS | C11: MOTO
C12: V/R EN UVT | D12: V/R EN PESOS VIGENCIA 2026
B13: 0-5 | C13: 0.38 | D13: =+ROUND(C13*$D$5,2) -> 19902.12
B14: 6 o mas años | C14: 0.53 | D14: =+ROUND(C14*$D$5,2) -> 27758.22
B16: ANTIGÜEDAD EN AÑOS | C16: LIVIANOS (automoviles, camperos,camionetas)
C17: V/R EN UVT | D17: V/R EN PESOS VIGENCIA 2026
B18: 0-5 años | C18: 0.53 | D18: =+ROUND(C18*$D$5,2) -> 27758.22
B19: 6 a 10 años | C19: 0.68 | D19: =+ROUND(C19*$D$5,2) -> 35614.32
B20: 11 o MAS años | C20: 0.83 | D20: =+ROUND(C20*$D$5,2) -> 43470.42
B22: ANTIGÜEDAD EN AÑOS | C22: PESADOS (carga y pasajeros)
C23: V/R EN UVT | D23: V/R EN PESOS VIGENCIA 2026
B24: 0-5 años | C24: 0.83 | D24: =+ROUND(C24*$D$5,2) -> 43470.42
B25: 6 a 10 años | C25: 0.98 | D25: =+ROUND(C25*$D$5,2) -> 51326.52
B26: 11 o MAS años | C26: 1.13 | D26: =+ROUND(C26*$D$5,2) -> 59182.62
B28: * UVT Corresponde al UVT vigente del año en el que se va a calcular la actualización de la tarifa

Sheet COTIZACIÓN
D2: CONTRATACIÓN DEL SERVICIO DE SOPORTE, MANTENIMIENTO PREVENTIVO Y CORRECTIVO DE LA SALA DE VIDEO CONFERENCIA DE LA FISCALÍA GENERAL DE LA NACIÓN NIVEL CENTRAL
B3: ITEM | C3: NECESIDAD 2017 | D3: CANTIDAD 2017 | F3: COTIZACIÓN
F4: VALOR UNITARIO SIN IVA | G4: IVA UNITARIO | H4: VALOR UNITARIO INCLUIDO IVA | I4: VALOR TOTAL INCLUIDO IVA
B5: 1 | C5: PLATAFORMA DE CONFERENCIA MARCA GONSIN COMPUESTA POR 1 UNIDAD DE CONTROL, 40 MICRÓFONOS Y 2 CÁMARAS TIPO DOMO | D5: 1 | F5: 0 | G5: =F5*19% -> 0 | H5: =F5+G5 -> 0 | I5: =H5*D5 -> 0
B6: 2 | C6: PROCESADOR DE VIDEO ATLONA | D6: 1 | F6: 0 | G6: =F6*19% -> 0 | H6: =F6+G6 -> 0 | I6: =H6*D6 -> 0
B7: 3 | C7: TELEVISOR SAMSUNG UN50KU6000K | D7: 1 | F7: 0 | G7: =F7*19% -> 0 | H7: =F7+G7 -> 0 | I7: =H7*D7 -> 0
B8: 4 | C8: TELEVISOR SHARP LC-60SQ17U | D8: 1 | F8: 0 | G8: =F8*19% -> 0 | H8: =F8+G8 -> 0 | I8: =H8*D8 -> 0
B9: 5 | C9: PROCESADOR DE SEÑAL DIGITAL BIAMP DSP | D9: 1 | F9: 0 | G9: =F9*19% -> 0 | H9: =F9+G9 -> 0 | I9: =H9*D9 -> 0
B10: 6 | C10: SISTEMA DE AMPLIFICACIÓN MODULAR ATLAS SOUND | D10: 1 | F10: 0 | G10: =F10*19% -> 0 | H10: =F10+G10 -> 0 | I10: =H10*D10 -> 0
B11: 7 | C11: ESTRUCTURA VIDEO WALL LSMVU 37 – 63” | D11: 1 | F11: 0 | G11: =F11*19% -> 0 | H11: =F11+G11 -> 0 | I11: =H11*D11 -> 0
B12: 8 | C12: MONITOR SAMSUNG VIDEO WALL UE46D | D12: 1 | F12: 0 | G12: =F12*19% -> 0 | H12: =F12+G12 -> 0 | I12: =H12*D12 -> 0
C13: TOTAL | I13: =SUM(I5:I12) -> 0

Sheet Anexo 4
B1: ANEXO 4
B3: ANÁLISIS PROYECCIÓN COSTOS HISTÓRICOS DE PROCESOS EN LA FISCALIA GENERAL DE LA NACIÓN
B4: =#REF! -> #REF!
B5: https://www.contratos.gov.co/consultas/detalleProceso.do?numConstancia=16-9-420890 | E5: CONTRATACIÓN | K5: PROYECCIÓN VALOR UNITARIO SIN IVA INCLUIDO (IPC / Indices - Serie de empalme)
E6: Proceso Número FGN-IPSE-023-2016 NC
B7: ITEM | C7: =#REF! -> #REF! | E7: CONTRATO No. 0464 DE 2016 | K7: NOVIEMBRE 2016 | L7: MARZO 2017 | N7: ANÁLISIS PROYECCIÓN COSTOS HISTÓRICOS (IPC / Indices - Serie de empalme)
E8: CANTIDAD ADQUIRIDA AÑO 2016 | F8: VALOR UNITARIO SIN IVA | G8: IVA UNITARIO | H8: VALOR UNITARIO INCLUIDO IVA | I8: VALOR TOTAL INCLUIDO IVA | K8: 1.3285 | L8: 1.3676 | N8: CANTIDAD 2017 | O8: VALOR UNITARIO SIN IVA | P8: IVA UNITARIO | Q8: VALOR UNITARIO INCLUIDO IVA | R8: VALOR TOTAL INCLUIDO IVA
A10: 1 | B10: =#REF! -> #REF! | C10: =#REF! -> #REF! | E10: 10000 | F10: 338.7931 | G10: =F10*16% -> 54.206897 | H10: =F10+G10 -> 393 | I10: =H10*E10 -> 3930000 | K10: =+($L$8/$K$8)*F10 -> 348.76436 | N10: =#REF! -> #REF! | O10: =K10 -> 348.76436 | P10: =O10*19% -> 66.265228 | Q10: =O10+P10 -> 415.02958 | R10: =Q10*N10 -> #REF!
B11: =#REF! -> #REF! | C11: =#REF! -> #REF! | E11: 10000 | F11: 82.758621 | G11: =F11*16% -> 13.241379 | H11: =F11+G11 -> 96 | I11: =H11*E11 -> 960000 | K11: =+($L$8/$K$8)*F11 -> 85.194347 | N11: =#REF! -> #REF! | O11: =K11 -> 85.194347 | P11: =O11*19% -> 16.186926 | Q11: =O11+P11 -> 101.38127 | R11: =Q11*N11 -> #REF!
B12: =#REF! -> #REF! | C12: =#REF! -> #REF! | E12: 10000 | F12: 141.37931 | G12: =F12*16% -> 22.62069 | H12: =F12+G12 -> 164 | I12: =H12*E12 -> 1640000 | K12: =+($L$8/$K$8)*F12 -> 145.54034 | N12: =#REF! -> #REF! | O12: =K12 -> 145.54034 | P12: =O12*19% -> 27.652665 | Q12: =O12+P12 -> 173.19301 | R12: =Q12*N12 -> #REF!
B13: =#REF! -> #REF! | C13: =#REF! -> #REF! | E13: 35000 | F13: 403.44828 | G13: =F13*16% -> 64.551724 | H13: =F13+G13 -> 468 | I13: =H13*E13 -> 16380000 | K13: =+($L$8/$K$8)*F13 -> 415.32244 | N13: =#REF! -> #REF! | O13: =K13 -> 415.32244 | P13: =O13*19% -> 78.911264 | Q13: =O13+P13 -> 494.2337 | R13: =Q13*N13 -> #REF!
B14: =#REF! -> #REF! | C14: =#REF! -> #REF! | E14: 10000 | F14: 698.27586 | G14: =F14*16% -> 111.72414 | H14: =F14+G14 -> 810 | I14: =H14*E14 -> 8100000 | K14: =+($L$8/$K$8)*F14 -> 718.8273 | N14: =#REF! -> #REF! | O14: =K14 -> 718.8273 | P14: =O14*19% -> 136.57719 | Q14: =O14+P14 -> 855.40449 | R14: =Q14*N14 -> #REF!
B15: =#REF! -> #REF! | C15: =#REF! -> #REF! | E15: 20000 | F15: 43.103448 | G15: =F15*16% -> 6.8965517 | H15: =F15+G15 -> 50 | I15: =H15*E15 -> 1000000 | K15: =+($L$8/$K$8)*F15 -> 44.372056 | N15: =#REF! -> #REF! | O15: =K15 -> 44.372056 | P15: =O15*19% -> 8.4306906 | Q15: =O15+P15 -> 52.802746 | R15: =Q15*N15 -> #REF!
B16: =#REF! -> #REF! | C16: =#REF! -> #REF! | E16: 8050 | F16: 2629.3103 | G16: =F16*16% -> 420.68966 | H16: =F16+G16 -> 3050 | I16: =H16*E16 -> 24552500 | K16: =+($L$8/$K$8)*F16 -> 2706.6954 | N16: =#REF! -> #REF! | O16: =K16 -> 2706.6954 | P16: =O16*19% -> 514.27212 | Q16: =O16+P16 -> 3220.9675 | R16: =Q16*N16 -> #REF! | T16: http://www.dane.gov.co/index.php/estadisticas-por-tema/precios-y-costos/indice-de-precios-al-consumidor-ipc
B17: =#REF! -> #REF! | C17: =#REF! -> #REF! | E17: 2100 | F17: 2586.2069 | G17: =F17*16% -> 413.7931 | H17: =F17+G17 -> 3000 | I17: =H17*E17 -> 6300000 | K17: =+($L$8/$K$8)*F17 -> 2662.3233 | N17: =#REF! -> #REF! | O17: =K17 -> 2662.3233 | P17: =O17*19% -> 505.84143 | Q17: =O17+P17 -> 3168.1648 | R17: =Q17*N17 -> #REF!
B18: =#REF! -> #REF! | C18: =#REF! -> #REF! | E18: 16000 | F18: 11681.034 | G18: =F18*16% -> 1868.9655 | H18: =F18+G18 -> 13550 | I18: =H18*E18 -> 216800000 | K18: =+($L$8/$K$8)*F18 -> 12024.827 | N18: =#REF! -> #REF! | O18: =K18 -> 12024.827 | P18: =O18*19% -> 2284.7171 | Q18: =O18+P18 -> 14309.544 | R18: =Q18*N18 -> #REF!
B19: =#REF! -> #REF! | C19: =#REF! -> #REF! | E19: 2000 | F19: 3879.3103 | G19: =F19*16% -> 620.68966 | H19: =F19+G19 -> 4500 | I19: =H19*E19 -> 9000000 | K19: =+($L$8/$K$8)*F19 -> 3993.485 | N19: =#REF! -> #REF! | O19: =K19 -> 3993.485 | P19: =O19*19% -> 758.76215 | Q19: =O19+P19 -> 4752.2472 | R19: =Q19*N19 -> #REF!
B20: =#REF! -> #REF! | C20: =#REF! -> #REF! | E20: 2000 | F20: 3965.5172 | G20: =F20*16% -> 634.48276 | H20: =F20+G20 -> 4600 | I20: =H20*E20 -> 9200000 | K20: =+($L$8/$K$8)*F20 -> 4082.2291 | N20: =#REF! -> #REF! | O20: =K20 -> 4082.2291 | P20: =O20*19% -> 775.62353 | Q20: =O20+P20 -> 4857.8526 | R20: =Q20*N20 -> #REF!
B21: =#REF! -> #REF! | C21: =#REF! -> #REF! | E21: 350 | F21: 9741.3793 | G21: =F21*16% -> 1558.6207 | H21: =F21+G21 -> 11300 | I21: =H21*E21 -> 3955000 | K21: =+($L$8/$K$8)*F21 -> 10028.085 | N21: =#REF! -> #REF! | O21: =K21 -> 10028.085 | P21: =O21*19% -> 1905.3361 | Q21: =O21+P21 -> 11933.421 | R21: =Q21*N21 -> #REF!
B22: =#REF! -> #REF! | I22: =SUM(I10:I21) -> 301817500 | R22: =SUM(R10:R21) -> #REF!
B23: 1. Para traer a valor presente los precios unitarios, se toma el índice de serie del mes vigente dividido por el índice de serie del mes y año en que fue efectuada la compra. Este resultado se multiplica por el precio de la misma.
B24: 2. Para realizar la proyección se tomó el valor unitario antes de IVA. Lo anterior teniendo en cuenta que en el 2017 el IVA se incrementó al 19%.
B26: =#REF! -> #REF!
B27: =#REF! -> #REF!
